 Dungeon Crawl Stone Soup version 0.27-a0-773-gaaee5cf45b (webtiles) character file.

Game seed: 3923308572056647204

273 leviel the Chopper (level 6, -1/49 HPs)
             Began as a Hill Orc Fighter on Mar 26, 2021.
             Slain by an ogre
             ... wielding a +0 giant spiked club
              (25 damage)
             ... on level 5 of the Dungeon.
             The game lasted 00:04:39 (3716 turns).

leviel the Chopper (Hill Orc Fighter)               Turns: 3716, Time: 00:04:39

Health: -1/49      AC:  7    Str: 21    XL:     6   Next: 23%
Magic:  6/6        EV:  7    Int: 14    God:
Gold:   161        SH:  9    Dex: 10    Spells: 5/5 levels left

rFire    . . .     SeeInvis .   a - +0 war axe
rCold    . . .     Faith    +   c - +0 kite shield
rNeg     . . .     Spirit   .   b - +0 scale mail
rPois    .         Reflect  .   (no helmet)
rElec    .         Harm     .   (no cloak)
rCorr    +         Rampage  .   (no gloves)
Will     .....                  (no boots)
Stlth    ..........             f - amulet of faith
HPRegen  0.16/turn              l - ring of resist corrosion
MPRegen  0.10/turn              e - +6 ring of intelligence

@: mighty
A: frail 1, wild magic 1
a: no special abilities


You were on level 5 of the Dungeon.
You visited 1 branch of the dungeon, and saw 5 of its levels.

You collected 161 gold pieces.

Inventory:

Hand Weapons
 a - a +0 war axe (weapon)
Armour
 b - a +0 scale mail (worn)
 c - a +0 kite shield (worn)
Jewellery
 e - a +6 ring of intelligence (left hand)
 f - an amulet of faith (around neck)
 l - a ring of resist corrosion (right hand)
Wands
 j - a wand of charming (7)
Scrolls
 g - a scroll of immolation {unknown}
 h - a scroll of identify
 k - a scroll of teleportation {unknown}
 m - a scroll of enchant armour {unknown}
Potions
 i - a potion of curing


   Skills:
 * Level 4.8 Fighting
 + Level 5.5 Axes
 + Level 4.4 Armour
 + Level 0.5 Dodging
 + Level 0.1 Stealth
 + Level 4.3 Shields


You had 5 spell levels left.
You didn't know any spells.
Your spell library was empty.

Dungeon Overview and Level Annotations

Branches:
Dungeon (5/15)
 Temple: D:4-7

Altars:
Dithmenos
Qazlal
Sif Muna

Shops:
D:2 !?=


Innate Abilities, Weirdness & Mutations

You are frail. (-10% HP)
Your spells are a little harder to cast, but a little more powerful.


Message History

Reactivating autopickup.
The sky beast flickers out of sight!
Deactivating autopickup; reactivate with Ctrl-A.
Something hits you but does no damage.
A sky beast appears from thin air!
Reactivating autopickup.
You closely miss the sky beast.
The sky beast is heavily wounded.
The sky beast hits you but does no damage.
You slice the sky beast!!
You kill the sky beast!
The hound bites you but does no damage.
Your Armour skill increases to level 4!
You have reached level 6!
Your experience leads to an increase in your attributes!
Your base attributes are Str 20, Int 8, Dex 10.
Increase (S)trength, (I)ntelligence, or (D)exterity?
You feel stronger.
You feel better. You block the hound's attack.
The hound bites you but does no damage.
You barely miss the hound.
The hound bites you but does no damage. x2
You barely miss the hound. The hound bites you. You block the hound's attack.
You slice the hound!!
You kill the hound!
You start resting.
You feel a little less mighty now.
You start resting.
HP restored.
You start waiting.
Done waiting.
An ogre comes into view. It is wielding a +0 giant spiked club.
The ogre shouts!
An ogre is nearby!
You barely miss the ogre.
The ogre hits you with a +0 giant spiked club!!
Ouch! That really hurt!
You feel very mighty all of a sudden.
The ogre hits you with a +0 giant spiked club!!
Ouch! That really hurt!
You die...

#.# # #.# # #########.#
# #. ..........# # #.#
.########.# # #.# #.#
#.###### ##.# #.#
#....... ..# ##O#
#h###### #.# ##@#.# #.#
#.###.###.######.#
#....##.##.......#
#.###..#..########
#.##..###.########
#.####.#...####........
#...........##.########
######......#.##
####.##.##


You could see an ogre.

Vanquished Creatures
  A sky beast (D:5)
  A water moccasin skeleton (D:4)
  A hound (D:5)
  2 adders
  3 worms (D:2)
  5 dart slugs
  7 endoplasms
  2 giant cockroaches
  4 goblins
  4 hobgoblins
  3 jackals (D:1)
  7 kobolds
  4 quokkas (D:2)
  7 ball pythons
  5 bats
  3 frilled lizards
  5 rats
64 creatures vanquished.

Vanquished Creatures (others)
  2 plants (D:2)
2 creatures vanquished.

Grand Total: 66 creatures vanquished

Notes
Turn   | Place    | Note
-------+----------+-------------------------------------------
     0 | D:1      | leviel the Hill Orc Fighter began the quest for the Orb.
     0 | D:1      | Reached XP level 1. HP: 19/19 MP: 1/1
   144 | D:1      | Reached skill level 3 in Axes
   150 | D:1      | Reached XP level 2. HP: 13/26 MP: 2/2
   545 | D:1      | Reached XP level 3. HP: 33/33 MP: 3/3
   957 | D:2      | Found Juerghul's Jewellery Shoppe.
  1111 | D:2      | Found Zemyoz's Magic Scroll Emporium.
  1158 | D:2      | Found Kaxav's Distillery.
  1175 | D:2      | Found a shadowy altar of Dithmenos.
  1229 | D:2      | Reached skill level 4 in Axes
  1341 | D:2      | Reached XP level 4. HP: 27/40 MP: 4/4
  1860 | D:2      | Found a shimmering blue altar of Sif Muna.
  1861 | D:2      | Gained mutation: You are frail. (-10% HP) [potion of
                  | mutation]
  1861 | D:2      | Gained mutation: Your spells are a little harder to cast,
                  | but a little more powerful. [potion of mutation]
  2643 | D:4      | Reached skill level 5 in Axes
  2643 | D:4      | Reached XP level 5. HP: 19/42 MP: 5/5
  2861 | D:4      | Found a stormy altar of Qazlal.
  3319 | D:5      | Entered Level 5 of the Dungeon
  3346 | D:5      | Noticed a sky beast
  3361 | D:5      | HP: 1/42 [something (6)]
  3384 | D:5      | Killed a sky beast
  3385 | D:5      | Reached XP level 6. HP: 5/47 MP: 6/6
  3716 | D:5      | Slain by an ogre

Illustrated notes

Levels and vault maps discovered:
D:1:      eino_arrival_tree_alley, layout_loops_ring, solitary_fountain,
          minmay_misc_feat_four_crosses, nrook_loot_triangle
D:2:      kennysheep_big_flooded_room, layout_rooms, lemuel_blue_sif_altar,
          grunt_dithmenos_smoke, serial_forest, infiniplex_forest_straight_4,
          infiniplex_forest_straight_2, infiniplex_forest_straight_4,
          infiniplex_forest_lined_room_2, infiniplex_forest_clump_cross,
          infiniplex_forest_lined_corner, serial_shops, nicolae_shop_stone,
          nicolae_shop_statue_plus, nicolae_shop_crystal, minmay_pentomino_u4
D:3:      layout_rooms, minmay_misc_feat_rows
D:4:      layout_basic, grunt_qazlal_sundering
D:5:      layout_loops_ring, uniq_duvessa

Skill      XL: |  1  2  3  4  5 |
---------------+----------------+-----
Axes           | 3 4 5 |  5.5
Shields        | 4 |  4.3
Fighting       | 4 |  4.8
Armour         | 4 |  4.4
Dodging        | |  0.5
Stealth        | |  0.1

Action                   |  1- 3 |  4- 6 || total
-------------------------+-------+-------++-------
Melee: War axe           |   115 |    91 ||   206
  Use: Potion            |     1 |     7 ||     8
       Scroll            |       |     2 ||     2
Armor: Scale mail        |    68 |    38 ||   106
Dodge: Dodged            |    47 |    30 ||    77
Block: Kite shield       |    60 |    38 ||    98

Table legend: (Time is in decaauts)
 A = Elapsed time spent in this place.
 B = Non-inter-level travel time spent in this place.
 C = Inter-level travel time spent in this place.
 D = Time resting spent in this place.
 E = Time spent auto-exploring this place.
 F = Levels seen in this place.
 G = Mean time per level.
                   A        B        C        D        E       F      G
               +--------+--------+--------+--------+--------+-----+--------+
         Total |   3823 |   3667 |    156 |    750 |   2389 |   5 |  764.6 |
       Dungeon |   3823 |   3667 |    156 |    750 |   2389 |   5 |  764.6 |
               +--------+--------+--------+--------+--------+-----+--------+

Top non-repeatable levels by time:
     D:2: 1004 daAuts
     D:1: 967 daAuts
     D:4: 756 daAuts
     D:3: 689 daAuts
     D:5: 405 daAuts
